 Dungeon Crawl Stone Soup version 0.20.1-1-g8b1a95d (webtiles) character file.

47 NoNouf the Skirmisher (level 3, 0/33 HPs)
             Began as a Ghoul Monk on Aug 21, 2017.
             Slain by a kobold (2 damage)
             ... on level 1 of the Dungeon.
             The game lasted 00:05:02 (535 turns).

NoNouf the Skirmisher (Ghoul Monk)                   Turns: 535, Time: 00:05:02

Health: 0/33       AC:  2    Str: 14    XL:     3   Next: 70%
Magic:  2/2        EV: 13    Int:  5    God:
Gold:   31         SH:  0    Dex: 12    Spells: 2/2 levels left

rFire    . . .     SeeInvis .     - Unarmed
rCold    + . .     Gourm    .   (no shield)
rNeg     + + +     Faith    .   a - +0 robe
rPois    ∞         Spirit   .   (no helmet)
rElec    .         Reflect  .   (no cloak)
rCorr    .         Harm     .   (no gloves)
MR       .....                  (no boots)
Stlth    ++........             (no amulet)
Regen    0.0/turn               (no ring)
MPRegen  0.1/turn               (no ring)

@: rotting
A: rotting body, claws 1, carnivore 3, cold resistance 1, negative energy
resistance 3, inhibited regeneration, torment resistance, unbreathing
a: no special abilities


You were on level 1 of the Dungeon.
You were not hungry.

You visited 1 branch of the dungeon, and saw 2 of its levels.

You collected 31 gold pieces.

Inventory:

Armour
 a - a +0 robe (worn)
 d - a +0 leather armour
Scrolls
 c - a scroll of enchant weapon {unknown}
 e - 2 scrolls of identify {unknown}
 f - a scroll of recharging {unknown}
Comestibles
 b - a meat ration


   Skills:
 + Level 4.1 Fighting
 + Level 3.6 Dodging
 - Level 2.1 Stealth
 - Level 3.2 Unarmed Combat


You had 2 spell levels left.
You didn't know any spells.

Dungeon Overview and Level Annotations

Branches:
Dungeon (2/15)

Altars:


Innate Abilities, Weirdness & Mutations

Your body is rotting away.
You thrive on raw meat.
You are immune to poison.
You have sharp fingernails.
You are carnivorous and can eat meat at any time.
Your flesh is cold resistant. (rC+)
You are immune to negative energy. (rN+++)
You do not regenerate when monsters are visible.
You are immune to unholy pain and torment.
You can survive without breathing.


Message History

The adder closely misses you.
You closely miss the adder.
The adder is almost dead.
The adder bites you.
* * * LOW HITPOINT WARNING * * *
The adder bites you.
* * * LOW HITPOINT WARNING * * *
You barely miss the adder.
The adder is almost dead.
The adder closely misses you.
You closely miss the adder.
The adder is almost dead.
The adder misses you.
You scratch the adder but do no damage. Your claw misses the adder.
The adder is almost dead.
The adder bites you but does no damage.
You scratch the adder.
You kill the adder!
You closely miss the kobold. The kobold hits you.
You die...

....#..###.###........#......####
...##..#....#...................#
..........................#####..
..............................%..
......#..####..........##########
...##.#.....#..........##########
##.##.###......>.................
...##.######..#..K....#..#######.
.........# #.###@####....# ##
.........# #.# #.###...#.##
.........###.###.......#..#####
...............#####..........###
###.....)......####.............#
##............................#..
#...............####..........##.
#.(..(........................##.
##(...(........#####..........###


You could see a kobold.

Vanquished Creatures
  2 adders (D:1)
  An ooze (D:1)
  A leopard gecko (D:1)
  A ball python (D:1)
  5 goblins (D:1)
  2 hobgoblins
  2 jackals (D:1)
  3 kobolds (D:1)
  A quokka (D:2)
  2 bats (D:1)
  A frilled lizard (D:1)
  A rat (D:1)
22 creatures vanquished.

Notes
Turn   | Place    | Note
-------+----------+-------------------------------------------
     0 | D:1      | NoNouf the Ghoul Monk began the quest for the Orb.
     0 | D:1      | Reached XP level 1. HP: 19/19 MP: 0/0
   134 | D:1      | Reached XP level 2. HP: 26/26 MP: 1/1
   349 | D:1      | Reached XP level 3. HP: 27/33 MP: 2/2
   474 | D:1      | Reached skill level 4 in Fighting
   498 | D:1      | HP: 1/33 [adder (4)]
   535 | D:1      | Slain by a kobold

Skill      XL: |  1  2  3 |
---------------+----------+-----
Dodging        | 3 |  3.6
Fighting       | 4 |  4.1
Stealth        | |  2.1
Unarmed Combat | |  3.2

Action                   || total
-------------------------++-------
Melee: Unarmed           ||    88
 Stab: Sleeping          ||     3
  Eat: Chunk             ||    12
Armor: Robe              ||    10
Dodge: Dodged            ||    63
